 Dungeon Crawl Stone Soup version 0.21.1-1-g345015f (webtiles) character file.

287 empire the Charmwright (level 6, -12/50 HPs)
             Began as a Gnoll Skald on Apr 13, 2018.
             Killed by divine providence
             ... invoked by an orc priest
              (15 damage)
             ... on level 4 of the Dungeon.
             The game lasted 00:06:26 (2865 turns).

empire the Charmwright (Gnoll Skald)                Turns: 2865, Time: 00:06:27

Health: -12/50     AC:  7    Str: 22    XL:     6   Next: 30%
Magic:  14/14      EV: 14    Int: 16    God:
Gold:   243        SH:  0    Dex: 14    Spells: 7/15 levels left

rFire    . . .     SeeInvis .   b - +0 short sword (drain)
rCold    . . .     Gourm    .   (no shield)
rNeg     . . .     Faith    .   Z - +0 leather armour
rPois    .         Spirit   .   (helmet restricted)
rElec    .         Reflect  .   (no cloak)
rCorr    .         Harm     .   X - +1 pair of gloves
MR       .....                  (no boots)
Stlth    ++........             (no amulet)
HPRegen  0.16/turn              (no ring)
MPRegen  0.14/turn              (no ring)

@: mighty
A: distributed training, fangs 1, horns 1, talons 1, iridescent scales 1, strong
1, strong nose
a: no special abilities


You were on level 4 of the Dungeon.
You were not hungry.

You visited 1 branch of the dungeon, and saw 4 of its levels.

You collected 243 gold pieces.

Inventory:

Hand Weapons
 a - a +0 falchion
 b - a +0 short sword of draining (weapon)
Armour
 l - a +0 helmet
 o - a +0 ring mail
 X - a +1 pair of gloves (worn)
 Z - a +0 leather armour (worn)
Jewellery
 k - a cursed -2 ring of dexterity {unknown}
 p - a +2 ring of dexterity {unknown}
 q - an uncursed amulet of rage {unknown}
 r - a +5 ring of slaying {unknown}
Scrolls
 f - 4 scrolls of identify {unknown}
 g - 4 scrolls of remove curse {unknown}
 m - a scroll of magic mapping {unknown}
 n - 2 scrolls of teleportation {unknown}
 s - a scroll of blinking {unknown}
Potions
 e - a potion of might
 i - 2 potions of mutation
 j - a potion of cancellation
 u - a potion of magic {unknown}
 v - a potion of brilliance
Books
 c - a book of Battle

   Spells                             Type                      Level
   a - Infusion                       Charms                       1
   b - Shroud of Golubria             Charms/Translocation         2
   c - Song of Slaying                Charms                       2
   d - Spectral Weapon                Hexes/Charms                 3
   e - Regeneration                   Charms/Necromancy            3
 t - a book of Minor Magic

   Spells                             Type                      Level
   a - Magic Dart                     Conjuration                  1
   b - Blink                          Translocation                2
   c - Call Imp                       Summoning                    2
   d - Slow                           Hexes                        2
   e - Conjure Flame                  Conjuration/Fire             3
   f - Mephitic Cloud                 Conjuration/Poison/Air       3
Comestibles
 d - 10 rations
 h - 2 chunks of flesh


   Skills:
 + Level 4.9 Fighting
 + Level 1.8 Short Blades
 + Level 4.9 Long Blades
 + Level 1.8 Axes
 + Level 1.8 Maces & Flails
 + Level 1.8 Polearms
 + Level 1.8 Staves
 + Level 1.8 Slings
 + Level 1.8 Bows
 + Level 1.8 Crossbows
 + Level 1.8 Throwing
 + Level 3.2 Armour
 + Level 4.9 Dodging
 + Level 1.8 Stealth
 + Level 1.8 Shields
 + Level 1.8 Unarmed Combat
 + Level 5.3 Spellcasting
 + Level 1.4 Conjurations
 + Level 1.4 Hexes
 + Level 5.6 Charms
 + Level 1.4 Summonings
 + Level 1.4 Necromancy
 + Level 1.4 Translocations
 + Level 1.4 Transmutations
 + Level 1.4 Fire Magic
 + Level 1.4 Ice Magic
 + Level 1.4 Air Magic
 + Level 1.4 Earth Magic
 + Level 1.4 Poison Magic
 + Level 2.0 Invocations
 + Level 1.8 Evocations


You had 7 spell levels left.
You knew the following spells:

 Your Spells              Type           Power        Failure   Level  Hunger
a - Infusion              Chrm           ###.         1%          1    None
b - Shroud of Golubria    Chrm/Tloc      ###.......   6%          2    #......
c - Regeneration          Chrm/Necr      ###.......   12%         3    ###....
d - Song of Slaying       Chrm           ###.....     2%          2    #......


Dungeon Overview and Level Annotations

Branches:
Dungeon (4/15)
 Temple: D:4-7

Altars:
Elyvilon
Gozag
Kikubaaqudgha
Ru
Yredelemnul


Innate Abilities, Weirdness & Mutations

Your experience applies equally to all skills.
You have very sharp teeth.
Your uncanny sense of smell can sniff out nearby items.
You have a pair of small horns on your head.
You have sharp toenails.
You are partially covered in iridescent scales. (AC +2)
Your muscles are strong. (Str +2)


Message History

You hit the orc but do no damage. You claw the orc, but do no damage.
The orc is moderately wounded.
The orc barely misses you.
You closely miss the orc. Your kick misses the orc.
Your headbutt misses the orc.
The orc is moderately wounded.
The orc priest invokes the aid of Beogh against you.
Beogh smites you!
* * * LOW HITPOINT WARNING * * *
An adder comes into view.
You feel very mighty all of a sudden. The orc misses you.
You puncture the orc!
You kill the orc!
The orc priest invokes the aid of Beogh against you.
Beogh smites you!
* * * LOW HITPOINT WARNING * * *
The orc priest invokes the aid of Beogh against you.
Beogh smites you!
You die...

###
#.######################
................@ooSS..#
#.####################.#
### # # #


You could see an orc priest, 2 adders and an orc.

Vanquished Creatures
  An ogre (D:4)
  An orc wizard (D:4)
  Robin (D:2)
  3 gnolls (D:4)
  3 oozes
  An adder skeleton (D:4)
  3 worms
  2 dart slugs
  3 leopard geckos
  11 orcs
  3 ball pythons
  9 bats
  4 giant cockroaches
  14 goblins
  11 hobgoblins
  6 jackals
  5 frilled lizards
  4 kobolds
  3 rats
88 creatures vanquished.

Notes
Turn   | Place    | Note
-------+----------+-------------------------------------------
     0 | D:1      | empire the Gnoll Skald began the quest for the Orb.
     0 | D:1      | Reached XP level 1. HP: 20/20 MP: 6/6
   200 | D:1      | Reached XP level 2. HP: 24/26 MP: 7/7
   833 | D:2      | Found a sacrificial altar of Ru.
   833 | D:2      | Found an opulent altar of Gozag.
   833 | D:2      | Found a white marble altar of Elyvilon.
   833 | D:2      | Found a basalt altar of Yredelemnul.
   833 | D:2      | Noticed Robin
   843 | D:1      | Reached XP level 3. HP: 30/31 MP: 9/9
   846 | D:1      | Reached skill level 5 in Spellcasting
  1111 | D:2      | Reached skill level 1 in Invocations
  1137 | D:2      | Killed Robin
  1137 | D:2      | Reached skill level 1 in Short Blades
  1137 | D:2      | Reached skill level 1 in Axes
  1137 | D:2      | Reached skill level 1 in Maces & Flails
  1137 | D:2      | Reached skill level 1 in Polearms
  1137 | D:2      | Reached skill level 1 in Staves
  1137 | D:2      | Reached skill level 1 in Slings
  1137 | D:2      | Reached skill level 1 in Bows
  1137 | D:2      | Reached skill level 1 in Crossbows
  1137 | D:2      | Reached skill level 1 in Throwing
  1137 | D:2      | Reached skill level 1 in Stealth
  1137 | D:2      | Reached skill level 1 in Shields
  1137 | D:2      | Reached skill level 1 in Unarmed Combat
  1137 | D:2      | Reached skill level 1 in Evocations
  1216 | D:2      | Reached XP level 4. HP: 38/38 MP: 11/11
  1689 | D:3      | Learned a level 2 spell: Shroud of Golubria
  1693 | D:3      | Learned a level 3 spell: Regeneration
  1696 | D:3      | Learned a level 2 spell: Song of Slaying
  1798 | D:3      | Reached skill level 1 in Conjurations
  1798 | D:3      | Reached skill level 1 in Hexes
  1798 | D:3      | Reached skill level 1 in Summonings
  1798 | D:3      | Reached skill level 1 in Necromancy
  1798 | D:3      | Reached skill level 1 in Translocations
  1798 | D:3      | Reached skill level 1 in Transmutations
  1798 | D:3      | Reached skill level 1 in Fire Magic
  1798 | D:3      | Reached skill level 1 in Ice Magic
  1798 | D:3      | Reached skill level 1 in Air Magic
  1798 | D:3      | Reached skill level 1 in Earth Magic
  1798 | D:3      | Reached skill level 1 in Poison Magic
  2175 | D:3      | Reached XP level 5. HP: 32/43 MP: 12/12
  2537 | D:4      | Found an ancient bone altar of Kikubaaqudgha.
  2545 | D:4      | Noticed an ogre
  2566 | D:4      | Gained mutation: You have sharp toenails. [potion of mutation]
  2566 | D:4      | Gained mutation: You have a pair of small horns on your head. [potion of mutation]
  2566 | D:4      | Gained mutation: You are partially covered in iridescent scales. (AC +2) [potion of mutation]
  2566 | D:4      | Gained mutation: Your muscles are strong. (Str +2) [potion of mutation]
  2570 | D:4      | Killed an ogre
  2579 | D:4      | Reached XP level 6. HP: 11/50 MP: 13/13
  2865 | D:4      | Killed from afar by an orc priest

Skill      XL: |  1  2  3  4  5  6 |
---------------+-------------------+-----
Spellcasting   | 5 |  5.3
Invocations    | 1 2 |  2.0
Short Blades   | 1 |  1.8
Axes           | 1 |  1.8
Maces & Flails | 1 |  1.8
Polearms       | 1 |  1.8
Staves         | 1 |  1.8
Slings         | 1 |  1.8
Bows           | 1 |  1.8
Crossbows      | 1 |  1.8
Throwing       | 1 |  1.8
Stealth        | 1 |  1.8
Shields        | 1 |  1.8
Unarmed Combat | 1 |  1.8
Evocations     | 1 |  1.8
Conjurations   | 1 |  1.4
Hexes          | 1 |  1.4
Summonings     | 1 |  1.4
Necromancy     | 1 |  1.4
Translocations | 1 |  1.4
Transmutations | 1 |  1.4
Fire Magic     | 1 |  1.4
Ice Magic      | 1 |  1.4
Air Magic      | 1 |  1.4
Earth Magic    | 1 |  1.4
Poison Magic   | 1 |  1.4
Armour         | 3 |  3.2
Fighting       | |  4.9
Long Blades    | |  4.9
Dodging        | |  4.9
Charms         | |  5.6

Action                   |  1- 3 |  4- 6 || total
-------------------------+-------+-------++-------
Melee: Falchion          |    18 |       ||    18
       Bite              |    11 |    13 ||    24
       Short sword       |    73 |   150 ||   223
       Kick              |       |    15 ||    15
       Headbutt          |       |     6 ||     6
  Use: Potion            |       |     7 ||     7
 Stab: Sleeping          |       |     2 ||     2
  Eat: Chunk             |     1 |     5 ||     6
Armor: Leather armour    |    32 |    35 ||    67
Dodge: Dodged            |   103 |   126 ||   229
